 Dungeon Crawl Stone Soup version 0.30-a0-187-gd9c2deaf24 (webtiles) character file.

Game seed: 11490798679413657454

3950 beLizzard the Grappler (level 10, -3/92 HPs)
             Began as a Troll Gladiator on Oct 3, 2022.
             Was an Initiate of Wu Jian.
             Succumbed to a gnoll sergeant's poison
             ... on level 10 of the Dungeon.
             The game lasted 00:15:54 (5673 turns).

beLizzard the Grappler (Troll Gladiator)            Turns: 5673, Time: 00:15:54

Health: -3/92      AC:  5    Str: 28    XL:     10   Next: 2%
Magic:  13/13      EV: 11    Int:  4    God:    Wu Jian [......]
Gold:   349        SH:  0    Dex: 11    Spells: 12/15 levels left

rFire   x . .      SeeInvis .      - Unarmed
rCold   + . .      Faith    .    (no shield)
rNeg    . . .      Spirit   .    a - +1 robe
rPois   .          Reflect  .    b - +0 hat
rElec   .          Harm     .    (no cloak)
rCorr   .          Rampage  .    (gloves unavailable)
Will    .....                    (boots unavailable)
Stlth   ++........               (no amulet)
HPRegen 1.15/turn                j - ring of ice
MPRegen 0.13/turn                (no ring)

@: lethally poisoned (-3 -> -18)
A: large, unfitting armour, claws 3, regeneration 1, shaggy fur 1, tough skin 1
a: Renounce Religion


You were on level 10 of the Dungeon.
You worshipped Wu Jian.
Wu Jian was noncommittal.
You visited 1 branch of the dungeon, and saw 9 of its levels.

You collected 349 gold pieces.

Inventory:

Missiles
 c - 2 throwing nets (quivered)
 d - 8 large rocks
Armour
 a - a +1 robe (worn)
 b - a +0 hat (worn)
Jewellery
 j - a ring of ice (left claw)
 m - an amulet of magic regeneration
Wands
 g - a wand of flame (15)
 k - a wand of acid (32)
 o - a wand of iceblast (5)
Scrolls
 e - a scroll of enchant weapon
 f - 9 scrolls of identify
 l - a scroll of silence
 n - a scroll of blinking
 p - 3 scrolls of teleportation
 s - a scroll of butterflies
Potions
 i - a potion of invisibility
 q - a potion of cancellation


   Skills:
 * Level 3.7 Fighting
 + Level 2.0 Throwing
 + Level 5.1 Dodging
 + Level 2.2 Stealth
 * Level 10.0 Unarmed Combat
 - Level 3.0 Spellcasting
 - Level 3.2 Air Magic
 + Level 1.3 Evocations


You had 12 spell levels left.
You knew the following spells:

 Your Spells              Type           Power      Damage    Failure   Level
a - Swiftness             Air            3%         N/A       34%         3

Your spell library contained the following spells:

 Spells                   Type           Power      Damage    Failure   Level
 Shock                    Conj/Air       4%         1d3       22%         1
 Poisonous Vapours        Pois/Air       2%         N/A       32%         2
 Sting                    Tmut/Pois      0%         1d3       38%         1
 Airstrike                Air            1%         2d(1-17)  75%         4
 Portal Projectile        Hex/Tloc       0%         N/A       77%         3
 Tukima's Dance           Hex            0%         N/A       77%         3
 Animate Dead             Necr           0%         N/A       99%         4
 Olgreb's Toxic Radiance  Pois           0%         N/A       99%         4
 Blade Hands              Tmut           0%         N/A       100%        5
 Borgnjor's Vile Clutch   Necr/Erth      0%         N/A       100%        5
 Death Channel            Necr           0%         N/A       100%        6
 Malign Gateway           Summ/Tloc      0%         N/A       100%        7
 Summon Horrible Things   Summ           0%         N/A       100%        8


Dungeon Overview and Level Annotations

Branches:
Dungeon (8/15)             Temple (0/1) D:5
   Lair: D:8-11

Altars:
Cheibriados
Elyvilon
Gozag
Kikubaaqudgha
Makhleb
Nemelex Xobeh
Uskayaw
Wu Jian
Xom
Yredelemnul
Zin

Annotations:
D:3 Natasha
D:10 Joseph


Innate Abilities, Weirdness & Mutations

You are too large for most types of armour.
You have claws for hands.
Your natural rate of healing is unusually fast.
You are covered in fur. (AC +1)
You have tough skin. (AC +1)


Message History

You feel sick.
You feel sick.
You feel sick.
The gnoll gives up.
You feel sick.
You feel sick.
You feel sick.
You feel sick.
You are no longer poisoned.
The gnoll sergeant seems to regain its courage.
The gnoll sergeant hits you with a +2 spear of venom!
You are poisoned.
You claw the gnoll sergeant!
The gnoll sergeant is heavily wounded.
You feel very sick.
The gnoll sergeant hits you with a +2 spear of venom!
* * * LOW HITPOINT WARNING * * *
You are more poisoned.
You claw the gnoll sergeant!
The gnoll sergeant is almost dead.
* * * LOW HITPOINT WARNING * * *
You feel very sick.
The gnoll sergeant hits you with a +2 spear of venom.
* * * LOW HITPOINT WARNING * * *
You are more poisoned.
You claw the gnoll sergeant!
You kill the gnoll sergeant!
The Council accepts your kill.
* * * LOW HITPOINT WARNING * * *
You feel extremely sick.
Your Unarmed Combat skill increases to level 10!
* * * LOW HITPOINT WARNING * * *
You feel extremely sick.
Things that are here:
a +2 spear of venom; a +0 scale mail; a gnoll corpse Drinking this now will have no effect.
Okay, then.
There is a lethal amount of poison in your body!
There is a lethal amount of poison in your body!
You die...

......... .........
......... #########
# # #######
########## .......
........)# .......
........@.# .......
..........#
..................#
.<................#
).................#
...(......).......#
..................#
..................#
.....O............#


There were no monsters in sight!

Vanquished Creatures
  Prince Ribbit (D:5)
  6 yaks (D:10)
  Menkaure (D:7)
  Duvessa (D:5)
  A black bear (D:6)
  An ice beast (D:7)
  The ghost of DrLatency the Gusty, an amateur MeAE (D:4)
  2 ogres
  2 centaurs
  2 phantoms (D:5)
  2 bullfrogs (D:6)
  3 necrophages
  2 scorpions
  2 gnoll sergeants
  8 wights
  Dowan (D:5)
  3 howler monkeys
  5 hounds
  A jelly (D:4)
  2 orc priests
  2 iguanas (D:5)
  Natasha (D:3)
  12 orc wizards
  9 gnolls
  4 adders
  3 white imps (D:6)
  An ufetubus (D:5)
  2 worms (D:2)
  A dart slug (D:1)
  13 orcs
  14 ball pythons
  8 bats
  5 endoplasms
  4 giant cockroaches
  9 goblins
  7 hobgoblins
  5 jackals
  3 quokkas
  4 frilled lizards
  4 kobolds
  7 rats
165 creatures vanquished.

Vanquished Creatures (others)
  A bush (D:7)
1 creature vanquished.

Grand Total: 166 creatures vanquished

Notes
Turn   | Place    | Note
-------+----------+-------------------------------------------
     0 | D:1      | beLizzard the Troll Gladiator began the quest for the Orb.
     0 | D:1      | Reached XP level 1. HP: 19/19 MP: 0/0
    99 | D:1      | Reached XP level 2. HP: 28/28 MP: 1/1
   389 | D:1      | Found a faded altar of an unknown god.
   455 | D:1      | Reached XP level 3. HP: 35/35 MP: 2/2
  1016 | D:2      | Reached skill level 1 in Stealth
  1037 | D:2      | Reached XP level 4. HP: 42/42 MP: 3/3
  1116 | D:2      | Learned a level 3 spell: Swiftness
  1317 | D:3      | Reached skill level 4 in Unarmed Combat
  1418 | D:3      | Found a hide-covered altar of Uskayaw.
  1576 | D:3      | Noticed Natasha
  1586 | D:3      | Killed Natasha
  1587 | D:3      | Reached XP level 5. HP: 27/49 MP: 4/4
  1974 | D:3      | Noticed Natasha
  2014 | D:4      | Found a runed translucent gate.
  2015 | D:4      | Found a runed translucent gate.
  2015 | D:4      | Found a runed translucent gate.
  2015 | D:4      | Noticed DrLatency's ghost (amateur MeAE)
  2085 | D:4      | Found a shimmering altar of Xom.
  2432 | D:4      | HP: 2/49 [gnoll/+2 whip of distortion[a gnoll sergeant]
                  | (21)]
  2477 | D:4      | Reached XP level 6. HP: 31/57 MP: 4/6
  2631 | D:4      | Killed DrLatency's ghost
  2632 | D:4      | Reached skill level 1 in Spellcasting
  2632 | D:4      | Reached skill level 1 in Air Magic
  2661 | D:5      | Entered Level 5 of the Dungeon
  2667 | D:5      | Reached skill level 5 in Unarmed Combat
  2719 | D:5      | Noticed Dowan
  2720 | D:5      | Noticed Duvessa
  2732 | D:5      | Killed Duvessa
  2733 | D:5      | Reached XP level 7. HP: 44/65 MP: 7/7
  2754 | D:5      | Killed Dowan
  2914 | D:5      | Noticed Prince Ribbit
  2926 | D:5      | Killed Prince Ribbit
  2927 | D:5      | Reached skill level 6 in Unarmed Combat
  3053 | D:5      | Reached XP level 8. HP: 72/74 MP: 9/9
  3118 | D:5      | Found a staircase to the Ecumenical Temple.
  3424 | D:6      | Reached skill level 7 in Unarmed Combat
  3607 | D:6      | Found a burning altar of Makhleb.
  3613 | D:6      | Found a glowing silver altar of Zin.
  3613 | D:6      | Noticed an angel
  3614 | D:6      | Noticed an Executioner
  3724 | D:6      | Reached XP level 9. HP: 39/81 MP: 11/11
  3792 | D:6      | Reached skill level 8 in Unarmed Combat
  3800 | D:6      | Reached skill level 1 in Evocations
  4013 | D:6      | Found an ornate altar of the Wu Jian Council.
  4425 | D:7      | Found an ancient bone altar of Kikubaaqudgha.
  4453 | D:7      | Noticed Menkaure
  4462 | D:7      | Killed Menkaure
  4715 | D:6      | Became a worshipper of the Wu Jian Council
  4923 | D:7      | Identified the +1 robe of Repulsion {rN+}
  4941 | D:7      | Found a snail-covered altar of Cheibriados.
  5171 | D:7      | Found a white marble altar of Elyvilon.
  5361 | D:8      | You fall into a shaft and drop 2 floors!
  5361 | D:10     | Entered Level 10 of the Dungeon
  5419 | D:10     | Noticed Joseph
  5451 | D:10     | Reached skill level 5 in Dodging
  5451 | D:10     | Reached skill level 9 in Unarmed Combat
  5475 | D:10     | Noticed a two-headed ogre
  5478 | D:10     | Reached XP level 10. HP: 29/92 MP: 13/13
  5482 | D:10     | Noticed a two-headed ogre
  5572 | D:10     | Found an opulent altar of Gozag.
  5573 | D:10     | Found a basalt altar of Yredelemnul.
  5576 | D:10     | Found a sparkling altar of Nemelex Xobeh.
  5672 | D:10     | Reached skill level 10 in Unarmed Combat
  5672 | D:10     | HP: 1/92 [poisoned by a gnoll sergeant]
  5673 | D:10     | Succumbed to a gnoll sergeant's poison

Illustrated notes

Levels and vault maps discovered:
D:1:      ebering_trefoil_3fold, layout_basic, hellmonk_ecumenical_altar_zigzags
D:2:      layout_basic
D:3:      layout_basic, mainiacjoe_overflow_cross_hatched,
          kennysheep_big_empty_room, uniq_natasha
D:4:      layout_cave_pools, xom_teletrap_fun, ebering_ghost_rock_garden,
          lightli_minifort
D:5:      layout_cave_pools, minmay_temple_entry_metal_lava, grunt_tough_drop,
          uniq_duvessa, uniq_prince_ribbit1
D:6:      minmay_flawed_box, layout_layer_cave,
          grunt_temple_overflow_order_and_chaos_2,
          pdpol_wu_jian_five_deadly_venoms, hangedman_decor_points, st_stairs_4,
          minmay_holes
D:7:      layout_gridville, elyvilon_altar_1, mainiacjoe_overflow_chevrons,
          lemuel_doored_altar, kb_lookout_dungeons_type, dk_noncrumbling_3,
          uniq_menkaure
D:8:      layout_basic, minmay_misc_feat_enclosed, nicolae_eternal_life
D:10:     layout_long_grid, chequers_temple_overflow_statue_of_worship,
          uniq_joseph

Skill      XL: |  1  2  3  4  5  6  7  8  9 10 |
---------------+-------------------------------+-----
Throwing       | 2 |  2.0
Stealth        | 1 2 |  2.2
Unarmed Combat | 4 5 6 7 9 10 | 10.0
Dodging        | 3 4 5 |  5.1
Fighting       | 2 3 |  3.7
Spellcasting   | 1 2 3 |  3.0
Air Magic      | 1 2 3 |  3.2
Evocations     | 1 |  1.3

Action                   |  1- 3 |  4- 6 |  7- 9 | 10-12 || total
-------------------------+-------+-------+-------+-------++-------
Melee: Unarmed           |    87 |   136 |   225 |    12 ||   460
       Punch             |     3 |     3 |     6 |       ||    12
Throw: Throwing net      |       |       |     3 |       ||     3
Invok: Lunge             |       |       |     2 |     1 ||     3
Evoke: Wand              |       |     5 |     8 |     1 ||    14
  Use: Scroll            |     3 |     5 |     1 |     2 ||    11
       Potion            |       |     7 |     4 |       ||    11
 Stab: Sleeping          |     2 |     3 |     2 |       ||     7
Armor: Robe              |    39 |    39 |    55 |     3 ||   136
Dodge: Dodged            |    36 |    66 |   104 |     8 ||   214

Table legend: (Time is in decaauts)
 A = Elapsed time spent in this place.
 B = Non-inter-level travel time spent in this place.
 C = Inter-level travel time spent in this place.
 D = Time resting spent in this place.
 E = Time spent auto-exploring this place.
 F = Levels seen in this place.
 G = Mean time per level.
                   A        B        C        D        E       F      G
               +--------+--------+--------+--------+--------+-----+--------+
         Total |   5622 |   5296 |    326 |    236 |   3881 |   9 |  624.7 |
       Dungeon |   5622 |   5296 |    326 |    236 |   3881 |   9 |  624.7 |
               +--------+--------+--------+--------+--------+-----+--------+

Top non-repeatable levels by time:
     D:6: 974 daAuts
     D:7: 923 daAuts
     D:1: 780 daAuts
     D:5: 732 daAuts
     D:3: 721 daAuts
     D:4: 682 daAuts
     D:2: 462 daAuts
    D:10: 306 daAuts
     D:8: 38 daAuts
